 Dungeon Crawl Stone Soup version 0.31.0-32-g396128a36d (webtiles) character file.

Game seed: 12985274432621442445

109 Curundu the Chopper (level 4, -2/41 HPs)
             Began as a Minotaur Berserker on Mar 11, 2024.
             Was a Believer of Trog.
             Killed by divine providence
             ... invoked by an orc priest
              (12 damage)
             ... on level 3 of the Dungeon on Mar 12, 2024.
             The game lasted 00:05:28 (1923 turns).

Curundu the Chopper (Minotaur Berserker)            Turns: 1923, Time: 00:05:29

Health: -2/41      AC:  2    Str: 24    XL:     4   Next: 59%
Magic:  3/3        EV: 12    Int:  4    God:    Trog [**....]
Gold:   62         SH:  0    Dex:  9    Spells: 3/3 levels left

rFire   . . .        a - +0 hand axe
rCold   . . .        (no shield)
rNeg    . . .        b - +0 animal skin
rPois   .            (helmet restricted)
rElec   .            (no cloak)
rCorr   .            (no gloves)
SInv    .            (no boots)
Will    .....        (no amulet)
Stlth   +            (no ring)
HPRegen 0.26/turn    (no ring)
MPRegen 0.08/turn

%: no passive effects
@: confused
A: horns 2, retaliatory headbutt
a: Renounce Religion, Berserk, Trog's Hand


You were on level 3 of the Dungeon.
You worshipped Trog.
Trog was pleased with you.
You visited 1 branch of the dungeon, and saw 3 of its levels.

You collected 62 gold pieces.

Inventory:

Hand Weapons
 a - a +0 hand axe (weapon)
Armour
 b - a +0 animal skin (worn)
Scrolls
 c - 2 scrolls of identify {unknown}
 e - 4 scrolls of noise {unknown}
 g - a scroll of amnesia {unknown}
 h - 2 scrolls of fog {unknown}
 i - a scroll of blinking {unknown}
 j - a scroll of teleportation {unknown}
Potions
 d - a potion of magic {unknown}
 f - a potion of resistance {unknown}


   Skills:
 + Level 4.7 Fighting
 + Level 4.9 Axes
 + Level 2.7 Armour
 + Level 3.2 Dodging


You had 3 spell levels left.
You didn't know any spells.
Your spell library was empty.

Dungeon Overview and Level Annotations

Branches:
Dungeon (3/15)

Altars:

Shops:
D:2 =


Innate Abilities, Weirdness & Mutations

You have a pair of horns on your head.
You reflexively headbutt those who attack you in melee.


Message History

The orc is almost dead.
You hit the orc but do no damage.
The orc priest calls upon Beogh to heal the orc.
The orc is healed somewhat.
You closely miss the orc.
The orc priest calls down the wrath of Beogh upon you.
Beogh smites you!
Your skin stops crawling.
You feel less strong-willed. The orc hits you but does no damage.
The orc wizard mumbles some strange words.
The orc wizard flickers and vanishes!
Deactivating autopickup; reactivate with Ctrl-A.
You closely miss something. You hit the orc but do no damage.
The orc priest looks braver for a moment.
The orc misses you.
You hear some strange, mumbled words.
You are confused.
You're too confused to move!
The orc hits you with a +0 club. Something hits you but does no damage.
You closely miss something. You hit the orc. The orc hits you with a +0 club.
Something hits you.
You bump into the crystal wall.
The orc hits you with a +0 club.
You hear some strange, mumbled words.
You are more confused.
You bump into the crystal wall.
The orc hits you with a +0 club. Something hits you.
* * * LOW HITPOINT WARNING * * *
You barely miss something. You hit the orc.
You kill the orc!
Trog accepts your kill.
You hear some strange, mumbled words.
Something tries to affect you, but you resist.
You are too confused!
You closely miss something. Something hits you.
* * * LOW HITPOINT WARNING * * *
Things that are here:
a +0 club; a +0 ring mail The orc priest mumbles some strange prayers to Beogh against you.
Beogh smites you!
You die...

## ###.#######
.........#
........# .......
### #....# .#...
#....#
......##)@..#####
.....oo..........
..#######<#.#####
#.### #.. ##.# .#
.# ..


You could see an orc priest and an orc.

Vanquished Creatures
  Robin (D:2)
  4 adders (D:2)
  2 dart slugs (D:1)
  A ribbon worm (D:2)
  An orc (D:3)
  4 ball pythons
  4 bats
  5 endoplasms
  A giant cockroach (D:1)
  4 goblins
  8 hobgoblins
  5 jackals
  3 frilled lizards
  4 kobolds
  6 rats
53 creatures vanquished.

Notes
Turn   | Place    | Note
-------+----------+-------------------------------------------
     0 | D:1      | Curundu the Minotaur Berserker began the quest for the Orb.
     0 | D:1      | Reached XP level 1. HP: 19/19 MP: 0/0
   234 | D:1      | Reached XP level 2. HP: 27/27 MP: 1/1
   966 | D:2      | Reached XP level 3. HP: 24/33 MP: 2/2
  1067 | D:2      | Noticed Robin
  1075 | D:2      | Killed Robin
  1160 | D:2      | Reached XP level 4. HP: 39/41 MP: 3/3
  1163 | D:2      | Found Ibba Hair's Jewellery Boutique.
  1166 | D:2      | Reached ** piety under Trog
  1346 | D:2      | Found a faded altar of an unknown god.
  1923 | D:3      | Killed from afar by an orc priest

Illustrated notes

Levels and vault maps discovered:
D:1:      dpeg_arrival_lava_temple_mockup, layout_basic
D:2:      layout_loops_ring, hellmonk_ecumenical_altar_zigzags, serial_shops,
          shop, minmay_vboxes, uniq_robin
D:3:      layout_loops_cross, mainiacjoe_overflow_swirl, lemuel_tele_altar,
          mainiacjoe_sewer_entry_somewhere_in_here_1, minmay_unequal

Skill      XL: |  1  2  3  4 |
---------------+-------------+-----
Axes           | 4 |  4.9
Fighting       | 4 |  4.7
Dodging        | 3 |  3.2
Armour         | |  2.7

Action                     |  1- 3 |  4- 6 || total
---------------------------+-------+-------++-------
  Melee: Hand axe          |    62 |    45 ||   107
         Headbutt          |    10 |     8 ||    18
         Punch             |     1 |       ||     1
 Invoke: Berserk           |     1 |       ||     1
         Trog's Hand       |       |     1 ||     1
   Stab: Sleeping          |     1 |       ||     1
 Armour: Animal skin       |    55 |    43 ||    98
  Dodge: Dodged            |    55 |    39 ||    94
